 Dungeon Crawl Stone Soup version 0.29-a0-322-g68df515428 (webtiles) character file.

Game seed: 5400909175908385688

116 Flugkiller the Sneak (level 5, -4/36 HPs)
             Began as an Octopode Delver on Apr 7, 2022.
             Was a Plaything of Xom.
             Killed from afar by Ijyb (40 damage)
             ... with a bolt of acid
             ... on level 3 of the Dungeon.
             The game lasted 00:02:17 (2676 turns).

Flugkiller the Sneak (Octopode Delver)              Turns: 2676, Time: 00:02:18

Health: -4/36      AC:  1    Str: 11    XL:     5   Next: 1%
Magic:  5/5        EV: 15    Int: 12    God:    Xom [..*...]
Gold:   120        SH:  0    Dex: 16    Spells: 4/4 levels left

rFire   . . .      SeeInvis .   t - +3 halberd (flame)
rCold   . . .      Faith    .   (shield currently unavailable)
rNeg    . . .      Spirit   .   (helmet restricted)
rPois   .          Reflect  .   (no amulet)
rElec   .          Harm     .   k - ring of wizardry
rCorr   .          Rampage  .   (no ring)
Will    .....                   (no ring)
Stlth   ++++......              (no ring)
HPRegen 0.12/turn               (no ring)
MPRegen 0.09/turn               (no ring)
                                (no ring)
                                (no ring)

@: no status effects
A: almost no armour, amphibious, 8 rings, camouflage 1, gelatinous body 1,
(nimble swimmer 1), tentacles
a: Renounce Religion


You were on level 3 of the Dungeon.
You worshipped Xom.
You were a toy of Xom.
You visited 1 branch of the dungeon, and saw 5 of its levels.

You collected 120 gold pieces.

Inventory:

Hand Weapons
 a - a +0 short sword
 t - a +3 halberd of flaming (weapon)
   (You took it off a gnoll on level 2 of the Dungeon)
Missiles
 q - a throwing net (quivered)
Jewellery
 k - a ring of wizardry (left tentacle)
   (You found it on level 1 of the Dungeon)
Wands
 f - a wand of digging (3)
Scrolls
 b - 2 scrolls of fog
 c - 2 scrolls of magic mapping
 d - a scroll of fear
 g - a scroll of teleportation {unknown}
 n - 4 scrolls of identify {unknown}
 o - a scroll of amnesia {unknown}
 u - a scroll of blinking {unknown}
Potions
 e - 4 potions of curing {unknown}
 h - a potion of haste
 i - a potion of heal wounds {unknown}
 j - a potion of might {unknown}
 l - a potion of berserk rage
 m - a potion of mutation {unknown}
 p - 3 potions of degeneration {unknown}
 r - a potion of magic {unknown}
 s - a potion of attraction {unknown}


   Skills:
 + Level 3.0 Fighting
 - Level 2.0 Short Blades
 - Level 5.0 Dodging
 - Level 6.6 Stealth


You had 4 spell levels left.
You didn't know any spells.
Your spell library contained the following spells:

 Spells                   Type           Power      Damage    Failure   Level
 Summon Small Mammal      Summ           0%         N/A       13%         1
 Hailstorm                Conj/Ice       0%         3d3       75%         4
 Summon Hydra             Summ           0%         N/A       100%        7
 Summon Horrible Things   Summ           0%         N/A       100%        8


Dungeon Overview and Level Annotations

Branches:
Dungeon (5/15)
 Temple: D:4-7

Altars:
Vehumet
Xom

Annotations:
D:3 Ijyb


Innate Abilities, Weirdness & Mutations

You cannot wear most types of armour.
You are amphibious.
You can wear up to eight rings at the same time.
Your skin changes colour to match your surroundings (Stealth+).
Your rubbery body absorbs attacks. (AC +1, EV +1)
((You are camouflaged when in or above water. (Stealth+)))
You have tentacles for arms and can constrict up to eight enemies at once.


Message History

Found a flail.
You see here a +0 flail.
You now have 120 gold pieces (gained 19).
There is a stone staircase leading up here.
Key pressed, stopping explore.
There is a radiant altar of Vehumet here.
p - 3 golden potions (gained 2) Done exploring.
No target in view!
No target in view!
No target in view!
Search for what [? for help]?
Okay, then.
You see here a +1 vorpal long sword.
Search for what [? for help]? weapon
There is a stone staircase leading up here.
You see here a +2 halberd of flaming.
t - a +2 halberd of flaming Your +2 halberd of flaming bursts into flame!
t - a +2 halberd of flaming (weapon)
Done exploring.
(D) Dungeon
Where to? (Enter - D:2 @ (x,y), ? - help)
There is a stone staircase leading down here.
You climb downwards.
There is a stone staircase leading up here.
A kobold comes into view. It is wielding a +0 dagger.
A kobold is nearby!
A kobold is nearby!
A kobold is nearby!
A kobold is nearby!
The kobold shouts!
The kobold throws a stone.
The stone hits you.
The kobold throws a stone.
The stone barely misses you.
You reach to attack!
You slash the kobold! You burn the kobold.
You kill the kobold!
No target in view!
No target in view!
No target in view!
Things that are here:
a +0 dagger; a stone; a kobold corpse HP restored.
You pick up Sif Muna's Catalogue of Congealing Companions and begin reading...
You add the spells Summon Small Mammal, Hailstorm, Summon Hydra and Summon Horrible Things to your library.
n - 4 scrolls labelled HOSUNO GUOLE (gained 2)
e - 3 orange potions (gained 1)
e - 4 orange potions (gained 1) "Take this instrument of something!"
Something appears before you!
u - a scroll labelled GICHUA CYTIU {god gift}
As you read the scroll labelled GICHUA CYTIU {god gift}, it crumbles to dust.
It is a scroll of enchant weapon.
Your +2 halberd of flaming glows red for a moment.
Unknown command.
Found 18 stones.
You see here 18 stones.
Found a stone staircase leading up.
You see here 18 stones.
Found an escape hatch in the ceiling.
Found 17 stones.
No target in view!
No target in view!
No target in view!
No target in view!
No target in view!
There is an escape hatch in the ceiling here.
You see here 17 stones.
A ball python comes into view.
The ball python hisses angrily.
A ball python is nearby!
A ball python is nearby!
Found a scroll labelled GIPLIU BOAMEA.
You puncture the ball python! You burn the ball python.
You kill the ball python!
You have reached level 5!
You feel agile.
You see here a ball python corpse.
b - 2 scrolls of fog (gained 1)
u - a scroll labelled GIPLIU BOAMEA A kobold comes into view.
It is wielding a +0 club.
Found a scroll of magic mapping.
A kobold is nearby!
The kobold shouts!
You reach to attack!
You puncture the kobold! You burn the kobold.
You kill the kobold!
No target in view!
No target in view!
No target in view!
No target in view!
c - 2 scrolls of magic mapping (gained 1)
Things that are here:
a +0 club; 4 stones; a kobold corpse
Things that are here:
a +0 club; 4 stones; a kobold corpse Ijyb the Twisted Goblin comes into view.
She is wielding a +0 dagger and carrying a wand of acid (12).
Ijyb shouts!
Ijyb screams, "Me kill you!"
Ijyb zaps a wand.
The bolt of acid hits you!!!
Ouch! That really hurt!
You die...

#########
....g...#
#@# #.#
#.#
#.#######
#.#.....#
#.#.###.#
#.#.# #.#
#.#.# #.#
#.#.# #.#


You could see Ijyb.

Vanquished Creatures
  An adder (D:2)
  6 gnolls
  3 dart slugs (D:2)
  5 ball pythons
  4 endoplasms
  A giant cockroach (D:2)
  3 goblins
  3 hobgoblins
  2 jackals (D:2)
  3 quokkas (D:2)
  3 bats
  2 frilled lizards (D:1)
  4 kobolds
  4 rats
44 creatures vanquished.

Notes
Turn   | Place    | Note
-------+----------+-------------------------------------------
     0 | D:5      | Flugkiller the Octopode Delver began the quest for the Orb.
     0 | D:5      | Reached XP level 1. HP: 16/16 MP: 1/1
    38 | D:1      | Found a faded altar of an unknown god.
    56 | D:1      | Reached XP level 2. HP: 11/21 MP: 2/2
   881 | D:2      | Found a radiant altar of Vehumet.
  1149 | D:1      | Prayed at the altar of an unknown god.
  1149 | D:1      | Became a worshipper of Xom of Chaos
  1205 | D:2      | Reached XP level 3. HP: 26/26 MP: 3/3
  1440 | D:2      | Reached XP level 4. HP: 23/31 MP: 4/4
  1688 | D:2      | XOM: butterfly on damage
  1874 | D:2      | XOM: 5-stop teleportation journey
  1985 | D:2      | Reached skill level 5 in Dodging
  2349 | D:3      | Got Sif Muna's Catalogue of Congealing Companions
  2445 | D:3      | XOM: god gift: scroll labelled GICHUA CYTIU {god gift}
  2625 | D:3      | Reached XP level 5. HP: 36/36 MP: 5/5
  2676 | D:3      | Noticed Ijyb
  2676 | D:3      | Killed from afar by Ijyb

Illustrated notes

Levels and vault maps discovered:
D:1:      minmay_arrival_semitransparent, layout_basic,
          ebering_ecumenical_altar_abandoned
D:2:      layout_loops_ring, basic_altar, minivault_23
D:3:      layout_basic, mainiacjoe_overflow_six_doors_small, uniq_robin,
          uniq_ijyb, uniq_natasha
D:4:      cheibrodos_quashed, layout_basic, nicolae_tso_carved_into_rock,
          nicolae_elyvilon_temple_path, serial_shops, nicolae_shop_behind_doors,
          dk_noncrumbling_2, uniq_pikel, uniq_menkaure, uniq_edmund
D:5:      layout_cave_pools, mainiacjoe_overflow_boulevard

Skill      XL: |  1  2  3  4 |
---------------+-------------+-----
Dodging        | 3 4 5 |  5.0
Fighting       | |  3.0
Short Blades   | |  2.0
Stealth        | |  6.6

Action                   |  1- 3 |  4- 6 || total
-------------------------+-------+-------++-------
Melee: Short sword       |    48 |    28 ||    76
       Constrict         |    10 |     6 ||    16
       Tentacles         |     7 |     6 ||    13
       Halberd           |       |     3 ||     3
  Use: Potion            |     1 |       ||     1
       Scroll            |       |     1 ||     1
 Stab: Sleeping          |    11 |     3 ||    14
       Distracted        |       |     1 ||     1
Dodge: Dodged            |    22 |    24 ||    46

Table legend: (Time is in decaauts)
 A = Elapsed time spent in this place.
 B = Non-inter-level travel time spent in this place.
 C = Inter-level travel time spent in this place.
 D = Time resting spent in this place.
 E = Time spent auto-exploring this place.
 F = Levels seen in this place.
 G = Mean time per level.
                   A        B        C        D        E       F      G
               +--------+--------+--------+--------+--------+-----+--------+
         Total |   2691 |   2574 |    117 |    715 |   1460 |   5 |  538.2 |
       Dungeon |   2691 |   2574 |    117 |    715 |   1460 |   5 |  538.2 |
               +--------+--------+--------+--------+--------+-----+--------+

Top non-repeatable levels by time:
     D:1: 1183 daAuts
     D:2: 1094 daAuts
     D:3: 400 daAuts
     D:4: 9 daAuts
     D:5: 3 daAuts
